 Dungeon Crawl Stone Soup version 0.27-a0-1200-g94dc6ad4cf (webtiles) character file.

Game seed: 4386077354978587098

34055 senseless the Fighter (level 13, -2/93 HPs)
             Began as a Minotaur Hunter on May 31, 2021.
             Was the Champion of Okawaru.
             Slain by a red ugly thing (15 damage)
             ... on level 14 of the Dungeon.
             The game lasted 01:00:44 (13992 turns).

senseless the Fighter (Minotaur Hunter)            Turns: 13992, Time: 01:00:45

Health: -2/93      AC: 22    Str: 17 (18) XL:     13   Next: 40%
Magic:  12/12      EV:  9    Int:  5 (8)  God:    Okawaru [******]
Gold:   539        SH:  0    Dex: 12 (13) Spells: 12/12 levels left

rFire    . . .     SeeInvis .   b - +10 morningstar "Eos" {elec, Halo rElec}
rCold    + . .     Faith    .   (no shield)
rNeg     . . .     Spirit   .   Q - +5 plate armour
rPois    +         Reflect  .   (helmet restricted)
rElec    +         Harm     .   D - +0 cloak
rCorr    .         Rampage  .   j - +0 pair of gloves
Will     +....                  H - +2 pair of boots
Stlth    ..........             k - amulet of regeneration
HPRegen  1.25/turn              x - ring of willpower
MPRegen  0.13/turn              A - ring of protection from cold

@: corroded, glowing
A: horns 2, retaliatory headbutt, deterioration 1, frail 2, poison resistance,
weak 1, no potion heal 1
a: Renounce Religion, Heroism, Finesse


You were on level 14 of the Dungeon.
You worshipped Okawaru.
Okawaru was exalted by your worship.
You visited 3 branches of the dungeon, and saw 17 of its levels.

You collected 813 gold pieces.
You spent 262 gold pieces at shops.
You donated 12 gold pieces to Zin.

Inventory:

Hand Weapons
 a - a +3 arbalest of freezing
 b - the +10 morningstar "Eos" (weapon) {elec, Halo rElec}
   (You took it off an iron imp on level 13 of the Dungeon)

   Occasionally, upon striking a foe, it can discharge electrical energy and
   cause terrible harm.
   It insulates you from electricity.
 Z - the +8 glaive "Istidec" {flame, rF+ Dex+3}
   (Okawaru gifted it to you on level 12 of the Dungeon)

   It has been specially enchanted to burn those struck by it, causing extra
   injury to most foes and up to half again as much damage against particularly
   susceptible opponents.
   Big, fiery blades are also staple armaments of hydra-hunters.
   It affects your dexterity (+3).
   It protects you from fire.
Missiles
 d - 220 bolts
 E - 6 curare-tipped darts (quivered)
Armour
 j - a +0 pair of gloves (worn)
 D - a +0 cloak (worn)
 H - a +2 pair of boots (worn)
 Q - a +5 plate armour (worn)
Jewellery
 k - an amulet of regeneration (around neck)
 m - an amulet of the acrobat
 x - a ring of willpower (left hand)
 y - a +6 ring of intelligence
 A - a ring of protection from cold (right hand)
 C - an amulet of faith
 K - a ring of positive energy
 L - a ring of protection from cold
 N - a ring of flight
 R - a ring of positive energy
Wands
 h - a wand of acid (23)
 i - a wand of polymorph (9)
 F - a wand of iceblast (28)
 W - a wand of flame (27)
 X - a wand of paralysis (6)
Scrolls
 c - 2 scrolls of holy word
 e - a scroll of acquirement {unknown}
 f - 5 scrolls of teleportation
 u - 2 scrolls of fog
 I - a scroll of amnesia
 M - a scroll of magic mapping
 S - a scroll of blinking
Potions
 g - 2 potions of lignification
 l - 3 potions of curing
 n - 2 potions of resistance
 o - 2 potions of mutation
 p - 5 potions of attraction
 s - 5 potions of berserk rage {unknown}
 t - 3 potions of cancellation
 v - 6 potions of brilliance
 z - 2 potions of magic
 B - a potion of invisibility {unknown}
 G - 3 potions of haste
 P - 2 potions of flight {unknown}
 T - 3 potions of heal wounds


   Skills:
 + Level 11.8 Fighting
 - Level 7.8 Short Blades
 * Level 8.4 Maces & Flails
 - Level 7.2 Polearms
 + Level 11.6 Crossbows
 + Level 11.6 Armour
 + Level 11.0 Dodging
 - Level 0.7 Stealth
 - Level 4.5 Shields


You had 12 spell levels left.
You didn't know any spells.
Your spell library contained the following spells:

 Spells                   Type           Power      Damage    Failure   Level
 Magic Dart               Conj           0%         1d3       100%        1
 Sandblast                Erth           0%         2d4       100%        1
 Blink                    Tloc           N/A        N/A       100%        2
 Call Imp                 Summ           0%         N/A       100%        2
 Passwall                 Tmut/Erth      0%         N/A       100%        2
 Searing Ray              Conj           0%         3d3       100%        2
 Slow                     Hex            0%         N/A       100%        2
 Conjure Flame            Conj/Fire      0%         6-21      100%        3
 Dazzling Flash           Conj/Hex       0%         N/A       100%        3
 Mephitic Cloud           Conj/Pois/Air  0%         N/A       100%        3
 Stone Arrow              Conj/Erth      0%         3d7       100%        3
 Fulminant Prism          Conj/Hex       0%         3d6       100%        4
 Iskenderun's Mystic Bla  Conj/Tloc      0%         2d3       100%        4
 Petrify                  Tmut/Erth      0%         N/A       100%        4
 Lee's Rapid Deconstruct  Erth           0%         3d5*      100%        5


Dungeon Overview and Level Annotations

Branches:
Dungeon (15/15)            Temple (1/1) D:4            Lair (0/6) D:9
    Orc (1/2) D:12         Vaults (0/5) D:14
 Depths: D:15

Altars:
Ashenzari
Cheibriados
Dithmenos
Fedhas
Gozag
Hepliaklqana
Kikubaaqudgha
Makhleb
Nemelex Xobeh
Okawaru
Qazlal
Ru
Trog
Uskayaw
Vehumet
Xom
Yredelemnul
Zin

Shops:
D:7 *   D:8 [?(*(

Annotations:
D:13 exclusion: obsidian statue


Innate Abilities, Weirdness & Mutations

You have a pair of horns on your head.
You reflexively headbutt those who attack you in melee.
Your body sometimes deteriorates upon taking damage.
You are very frail. (-20% HP)
Your system is resistant to poisons. (rPois)
You are weak. (Str -2)
Potions are less effective at restoring your health.


Message History

You are splashed with acid!
You barely miss the brown ugly thing.
You headbutt the brown ugly thing, but do no damage.
The brown ugly thing is heavily wounded.
The brown ugly thing closely misses you.
The brown ugly thing punches you but does no damage.
The brown ugly thing basks in the mutagenic energy from its kin and changes!
You sock the purple ugly thing!
You headbutt the purple ugly thing, but do no damage.
The purple ugly thing is severely wounded.
The brown ugly thing claws you but does no damage.
The brown ugly thing punches you.
You are splashed with acid!
Your body deteriorates!
You feel dopey.
The brown ugly thing claws you but does no damage.
You sock the purple ugly thing!
The purple ugly thing is almost dead.
The brown ugly thing punches you but does no damage.
The purple ugly thing closely misses you.
You furiously retaliate!
You headbutt the purple ugly thing!
You kill the purple ugly thing!
Okawaru accepts your kill.
The brown ugly thing basks in the mutagenic energy from its kin and changes!
The brown ugly thing punches you but does no damage.
You feel your intelligence returning.
You sock the brown ugly thing! You headbutt the brown ugly thing!
The brown ugly thing is heavily wounded.
The brown ugly thing punches you but does no damage.
You bludgeon the brown ugly thing!!
The brown ugly thing is almost dead.
The red ugly thing pecks you.
You are engulfed in flames!
Your body deteriorates!
You feel weakened. The brown ugly thing punches you.
You are splashed with acid!
* * * LOW HITPOINT WARNING * * *
Your body deteriorates!
You feel clumsy.
You thump the brown ugly thing!
The brown ugly thing is almost dead.
The red ugly thing pecks you!
* * * LOW HITPOINT WARNING * * *
You are engulfed in flames!
You die...

#################################
...............†@u...............
..........####..u........######..
#.........# #...........# #..
#.........# #...........# #..
..........####...........# #..
.....##..................# #..
.....##.........#####....# #..
.....##........##...##...######..
...............#.....#...........


You could see 2 ugly things.

Vanquished Creatures
  3 hydras
  5 boulder beetles
  3 centaur warriors (D:14)
  4 two-headed ogres
  A tengu warrior (D:13)
  3 death yaks
  4 skeletal warriors
  3 deep elf pyromancers
  4 ugly things
  2 manticores
  8 slime creatures
  Maggie (D:6)
  A gargoyle (D:12)
  2 kobold demonologists
  An efreet (D:14)
  A komodo dragon (D:13)
  A tengu conjurer (D:14)
  3 trolls
  A hornet (D:11)
  A vampire (D:13)
  3 shadows
  A wraith (D:10)
  16 yaks
  17 vampire mosquitoes
  A basilisk (D:11)
  Duvessa (D:5)
  2 acid dragons
  A water moccasin (D:8)
  2 ice beasts
  A hornet zombie (D:4)
  4 sky beasts
  A black bear (D:6)
  An ogre (D:4)
  2 orc warriors (D:9)
  5 centaurs
  20 kobold brigands
  2 bullfrogs
  A gnoll sergeant (D:6)
  Dowan (D:5)
  2 scorpions
  2 water moccasin skeletons
  3 troll zombies (D:12)
  13 killer bees
  2 howler monkeys (D:12)
  4 centaur zombies
  A quasit (D:13)
  3 hounds
  3 iron imps (D:13)
  2 jellies
  Crazy Yiuf (D:6)
  5 orc priests
  2 scorpion zombies (D:5)
  3 iguanas
  6 orc wizards
  5 ogre zombies (D:12)
  A hound skeleton (D:4)
  3 howler monkey zombies
  Robin (D:3)
  6 gnolls
  5 adders
  A shadow imp (D:13)
  A white imp (D:13)
  3 ufetubi (D:5)
  3 worms
  5 dart slugs
  22 orcs
  11 bats
  8 endoplasms
  A giant cockroach (D:3)
  15 hobgoblins
  18 jackals
  5 quokkas
  2 ball pythons
  4 frilled lizards
  14 goblins
  A goblin skeleton (D:12)
  3 goblin zombies (D:12)
  3 hobgoblin zombies (D:12)
  31 kobolds
  2 orc skeletons (D:12)
  16 orc zombies (D:12)
  12 rats
388 creatures vanquished.

Vanquished Creatures (others)
  An acid dragon (D:13)
  A bush (D:13)
  8 plants (D:13)
  4 withered plants (D:3)
14 creatures vanquished.

Grand Total: 402 creatures vanquished

Notes
Turn   | Place    | Note
-------+----------+-------------------------------------------
     0 | D:1      | senseless the Minotaur Hunter began the quest for the Orb.
     0 | D:1      | Reached XP level 1. HP: 18/18 MP: 0/0
    86 | D:1      | Reached skill level 1 in Armour
    86 | D:1      | Reached XP level 2. HP: 25/25 MP: 1/1
   431 | D:1      | Reached XP level 3. HP: 31/31 MP: 2/2
   656 | D:1      | Found a faded altar of an unknown god.
  1360 | D:2      | Reached XP level 4. HP: 35/38 MP: 3/3
  1505 | D:2      | Reached skill level 1 in Short Blades
  2018 | D:3      | Reached skill level 5 in Crossbows
  2153 | D:3      | Noticed Robin
  2182 | D:3      | Killed Robin
  2190 | D:3      | Reached XP level 5. HP: 20/45 MP: 4/4
  2289 | D:3      | Found a glowing silver altar of Zin.
  2469 | D:3      | Became a worshipper of Zin the Law-Giver
  2566 | D:3      | Noticed a sky beast
  2578 | D:3      | Killed a sky beast
  2601 | D:3      | Found a sacrificial altar of Ru.
  2920 | D:3      | Reached * piety under Zin
  2955 | D:3      | Found an ancient bone altar of Kikubaaqudgha.
  3184 | D:4      | Found a staircase to the Ecumenical Temple.
  3223 | Temple   | Entered the Ecumenical Temple
  3346 | Temple   | Fell from the grace of Zin
  3346 | Temple   | Became a worshipper of Warmaster Okawaru
  3434 | D:4      | Reached XP level 6. HP: 52/52 MP: 5/5
  3522 | D:4      | You fall into a shaft and drop 2 floors!
  3568 | D:6      | Noticed Maggie
  3585 | D:6      | Killed Maggie
  3585 | D:6      | Reached * piety under Okawaru
  3586 | D:6      | Reached XP level 7. HP: 19/60 MP: 6/6
  3714 | D:6      | Reached skill level 5 in Fighting
  3923 | D:6      | Found a runed translucent door.
  3924 | D:6      | Noticed Crazy Yiuf
  4133 | D:6      | Reached ** piety under Okawaru
  4134 | D:6      | Reached skill level 5 in Dodging
  4134 | D:6      | Reached XP level 8. HP: 32/69 MP: 7/7
  4204 | D:6      | Reached skill level 5 in Armour
  4238 | D:6      | Reached skill level 1 in Shields
  4592 | D:6      | Killed Crazy Yiuf
  4775 | D:7      | Found Cyonuir's General Store.
  4912 | D:7      | Reached skill level 5 in Short Blades
  4920 | D:7      | Reached *** piety under Okawaru
  4921 | D:7      | Reached XP level 9. HP: 67/78 MP: 8/8
  5740 | D:8      | Found Sauqonaf's Weapon Emporium.
  5794 | D:8      | Found Gicaxeex's Antique Weapon Shop.
  5801 | D:8      | Found Dikalemn's General Store.
  5880 | D:8      | Noticed a two-headed ogre
  5888 | D:8      | Killed a two-headed ogre
  5888 | D:8      | Reached **** piety under Okawaru
  5906 | D:8      | Found Gouckirr's Magic Scroll Boutique.
  5963 | D:8      | Found Roojyif's Armour Shoppe.
  6369 | D:8      | Bought a runed arbalest for 262 gold pieces
  6389 | D:9      | Noticed a boulder beetle
  6410 | D:8      | Killed a boulder beetle
  6410 | D:8      | Received a gift from Okawaru
  6411 | D:8      | Reached XP level 10. HP: 28/88 MP: 9/9
  6479 | D:8      | Reached ***** piety under Okawaru
  6669 | D:9      | Noticed a boulder beetle
  6677 | D:9      | Killed a boulder beetle
  6738 | D:9      | Noticed a purple ugly thing
  6764 | D:9      | Killed a purple ugly thing
  6764 | D:9      | Received a gift from Okawaru
  6779 | D:9      | Noticed a death yak
  6779 | D:9      | Noticed a death yak
  6785 | D:9      | Noticed a death yak
  6891 | D:5      | Entered Level 5 of the Dungeon
  7089 | D:5      | Noticed Duvessa
  7089 | D:5      | Noticed Dowan
  7100 | D:5      | Killed Duvessa
  7102 | D:5      | Killed Dowan
  7134 | D:5      | Received a gift from Okawaru
  7995 | D:4      | Found a basalt altar of Yredelemnul.
  8264 | D:9      | Killed a death yak
  8264 | D:9      | Received a gift from Okawaru
  8264 | D:9      | Received a gift from Okawaru
  8265 | D:9      | Reached XP level 11. HP: 64/97 MP: 10/10
  8559 | D:9      | Found a staircase to the Lair.
  8617 | D:8      | Killed a death yak
  8618 | D:8      | Reached skill level 1 in Maces & Flails
  8628 | D:8      | Killed a death yak
  8680 | D:8      | Received a gift from Okawaru
  9186 | D:10     | Entered Level 10 of the Dungeon
  9529 | D:10     | Reached ****** piety under Okawaru
  9873 | D:11     | Received a gift from Okawaru
  9948 | D:11     | Found a hide-covered altar of Uskayaw.
 10002 | D:11     | Reached skill level 5 in Maces & Flails
 10002 | D:11     | Reached skill level 10 in Crossbows
 10184 | D:11     | Reached skill level 10 in Fighting
 10528 | D:12     | Noticed a two-headed ogre
 10541 | D:11     | Killed a two-headed ogre
 10567 | D:12     | Received a gift from Okawaru
 10621 | D:12     | Noticed a two-headed ogre
 10625 | D:12     | Killed a two-headed ogre
 10626 | D:12     | Reached skill level 10 in Armour
 10736 | D:12     | Received a gift from Okawaru
 10763 | D:12     | Found a staircase to the Orcish Mines.
 10820 | D:12     | Reached XP level 12. HP: 61/107 MP: 11/11
 11290 | D:12     | Noticed a seven-headed hydra
 11293 | D:12     | Killed a seven-headed hydra
 11293 | D:12     | Received a gift from Okawaru
 11583 | D:12     | Identified the +8 glaive "Istidec" {flame, rF+ Dex+3}
                  | (Okawaru gifted it to you on level 12 of the Dungeon)
 11583 | D:12     | Received a gift from Okawaru
 11636 | D:13     | Reached skill level 1 in Polearms
 11658 | D:13     | Noticed a boulder beetle
 11682 | D:13     | Killed a boulder beetle
 11683 | D:13     | Reached skill level 10 in Dodging
 11935 | Orc:1    | Entered Level 1 of the Orcish Mines
 11997 | D:13     | Received a gift from Okawaru
 12072 | D:13     | Noticed a five-headed hydra
 12090 | D:12     | Killed a two-headed hydra
 12169 | D:13     | You fall into a shaft and drop 1 floor!
 12170 | D:14     | Noticed a centaur warrior
 12178 | D:14     | Killed a centaur warrior
 12179 | D:14     | Reached skill level 5 in Polearms
 12340 | D:14     | Noticed a seven-headed hydra
 12344 | D:14     | Killed a seven-headed hydra
 12357 | D:14     | Noticed a boulder beetle
 12370 | D:14     | Killed a boulder beetle
 12370 | D:14     | Received a gift from Okawaru
 12420 | D:14     | Found a gate to the Vaults.
 12420 | D:14     | Noticed a two-headed ogre
 12420 | D:14     | Noticed an ironbound preserver
 12492 | D:14     | Noticed a centaur warrior
 12500 | D:14     | Killed a centaur warrior
 12501 | D:14     | Reached XP level 13. HP: 74/116 MP: 12/12
 13077 | D:13     | Gained mutation: You are weak. (Str -2) [a neqoxec]
 13080 | D:13     | Gained mutation: You are frail. (-10% HP) [a neqoxec]
 13082 | D:13     | Gained mutation: You are very frail. (-20% HP) [a neqoxec]
 13083 | D:13     | Gained mutation: Your system is resistant to poisons.
                  | (rPois) [a neqoxec]
 13464 | D:13     | Gained mutation: Potions are less effective at restoring
                  | your health. [a neqoxec]
 13479 | D:13     | Gained mutation: Your body sometimes deteriorates upon
                  | taking damage. [a neqoxec]
 13736 | D:14     | Received a gift from Okawaru
 13965 | D:15     | Entered Level 15 of the Dungeon
 13992 | D:14     | Slain by a red ugly thing

Illustrated notes

Levels and vault maps discovered:
D:1:      lightli_arrival_noodles, layout_loops_ring,
          ebering_ecumenical_altar_abandoned
D:2:      layout_basic, st_stairs_13, minmay_pentomino_p4
D:3:      layout_basic, old_standard_altar, kiku_gazebo_garden_becter,
          zin_scriptorium, minmay_misc_feat_plants, uniq_robin
D:4:      layout_gridville, lemuel_tele_altar, minmay_temple_entry_antechambers
D:5:      layout_basic, uniq_duvessa
D:6:      layout_basic, uniq_maggie, uniq_crazy_yiuf_cottage
D:7:      layout_loops_cross, serial_shops, nicolae_shop_statue_plus
D:8:      layout_loops_ring, serial_shops,
          nicolae_shop_temple_entry_statues_fountains, shop_statue,
          shop_fountains, shop, nicolae_shop_trees, minmay_misc_feat_pillars
D:9:      layout_rooms, dpeg_lair_monsters, nzn_sisyphean_effort
D:10:     layout_rooms, special_room [special_room_kobold]
D:11:     layout_small_grid, nicolae_uskayaw_murder_on_the_dancefloor
D:12:     layout_roguey, zombieorc2_lemuel
D:13:     kennysheep_kobold_grotto, layout_rooms
D:14:     layout_stronghold, skrybe_vaults_entry_preservation,
          minmay_staircase_bubble
D:15:     gammafunk_enter_depths_forms, layout_loops_cross,
          grunt_dithmenos_smoke, nzn_life_drinkers
Temple:   dpeg_five_rooms_temple
Orc:1:    nicolae_orc_accident_2, layout_diamond_mine, mines_bat_river

Skill      XL: |  1  2  3  4  5  6  7  8  9 10 11 12 13 |
---------------+----------------------------------------+-----
Armour         | 1 2 3 4 6 7 8 10 11 | 11.6
Fighting       | 3 4 5 6 7 9 10 11 | 11.8
Dodging        | 3 4 5 6 7 8 9 10 11 | 11.0
Short Blades   | 1 2 3 4 5 6 7 |  7.8
Crossbows      | 5 6 7 8 9 10 11 | 11.6
Shields        | 3 4 |  4.5
Maces & Flails | 6 7 8 |  8.4
Polearms       | 6 7 |  7.2
Stealth        | |  0.7

Action                   |  1- 3 |  4- 6 |  7- 9 | 10-12 | 13-15 || total
-------------------------+-------+-------+-------+-------+-------++-------
Melee: Short sword       |    29 |       |       |       |       ||    29
       Headbutt          |    13 |    24 |    52 |   150 |    26 ||   265
       Dagger            |    74 |   127 |   237 |   296 |       ||   734
       Flail             |       |       |       |   311 |       ||   311
       Glaive            |       |       |       |    78 |    88 ||   166
       Morningstar       |       |       |       |       |    20 ||    20
 Fire: Hand crossbow     |     6 |     8 |    60 |       |       ||    74
       Arbalest          |       |       |     1 |   212 |    89 ||   302
Invok: Heroism           |       |       |     1 |       |       ||     1
  Use: Scroll            |       |     4 |    10 |    13 |     2 ||    29
       Potion            |       |     3 |       |     2 |       ||     5
 Stab: Sleeping          |     2 |       |       |     1 |       ||     3
Armor: Leather armour    |    23 |    23 |     2 |       |       ||    48
       Skin              |       |    72 |       |       |       ||    72
       Acid dragon scale |       |       |    62 |    37 |       ||    99
       Scale mail        |       |       |       |    24 |       ||    24
       Plate armour      |       |       |       |   367 |   176 ||   543
Dodge: Dodged            |    67 |    82 |   114 |   339 |   135 ||   737
Block: Buckler           |       |       |    19 |       |       ||    19

Table legend: (Time is in decaauts)
 A = Elapsed time spent in this place.
 B = Non-inter-level travel time spent in this place.
 C = Inter-level travel time spent in this place.
 D = Time resting spent in this place.
 E = Time spent auto-exploring this place.
 F = Levels seen in this place.
 G = Mean time per level.
                   A        B        C        D        E       F      G
               +--------+--------+--------+--------+--------+-----+--------+
         Total |  14010 |  13106 |    904 |    680 |   9455 |  17 |  824.1 |
       Dungeon |  13804 |  12975 |    829 |    680 |   9339 |  15 |  920.3 |
        Temple |    199 |    124 |     75 |      0 |    116 |   1 |  199.0 |
  Orcish Mines |      6 |      6 |      0 |      0 |      0 |   1 |    6.0 |
               +--------+--------+--------+--------+--------+-----+--------+

Top non-repeatable levels by time:
     D:8: 1287 daAuts
    D:12: 1246 daAuts
    D:14: 1128 daAuts
     D:6: 1116 daAuts
    D:13: 1107 daAuts
     D:1: 1038 daAuts
     D:3: 1033 daAuts
     D:2: 973 daAuts
     D:7: 967 daAuts
     D:9: 899 daAuts
     D:5: 853 daAuts
    D:11: 775 daAuts
     D:4: 709 daAuts
    D:10: 660 daAuts
  Temple: 199 daAuts
